 Dungeon Crawl Stone Soup version 0.22.0-5-gf09313c8f9 (webtiles) character file.

1968 IcyTea the Thaumaturge (level 9, -5/44 HPs)
             Began as a Spriggan Venom Mage on Aug 13, 2018.
             Was an Initiate of Gozag.
             Killed by the air
             ... invoked by Gastronok
              (30 damage)
             ... on level 8 of the Dungeon.
             The game lasted 00:44:50 (10651 turns).

IcyTea the Thaumaturge (Spriggan Venom Mage)       Turns: 10651, Time: 00:44:54

Health: -5/44      AC:  4    Str:  8 (10) XL:     9   Next: 0%
Magic:  11/21      EV: 17    Int: 28 (29) God:    Gozag
Gold:   681        SH:  0    Dex: 13 (16) Spells: 20/28 levels left

rFire    + . .     SeeInvis +   u - +6 dagger of Suestah {flame, *Rage +Fly rF+ Int+4}
rCold    + . .     Gourm    .   (shield restricted)
rNeg     . . .     Faith    .   y - +0 robe (curse)
rPois    +         Spirit   .   (helmet restricted)
rElec    .         Reflect  .   h - scarf {repulsion}
rCorr    .         Harm     .   (gloves unavailable)
MR       +....     Rnd*Rage +   (boots unavailable)
Stlth    ++........             (no amulet)
HPRegen  0.14/turn              i - +3 ring of intelligence
MPRegen  0.17/turn              D - ring of Gyfiurui {rPois Str+6}

@: radiating poison, slowed, drained, repel missiles, quick
A: very small, unfitting armour, yellow scales 1, see invisible, clever 1, cold
resistance 1, herbivore, speed 3, low mp 1, slow metabolism 2
a: Potion Petition, Call Merchant, Bribe Branch, Renounce Religion, Evoke Flight


You were on level 8 of the Dungeon.
You worshipped Gozag.
Gozag was pleased with you.
You were not hungry.

You visited 2 branches of the dungeon, and saw 10 of its levels.
You also visited: Ossuary.

You collected 881 gold pieces.
You spent 186 gold pieces at shops.
You paid 14 gold pieces to Gozag.

Inventory:

Hand Weapons
 a - a +2 dagger of venom
 b - a +0 shortbow of velocity
 u - the +6 dagger of Suestah (weapon) {flame, *Rage +Fly rF+ Int+4}
   (You found it on level 5 of the Dungeon)

   It has been specially enchanted to burn those struck by it, causing extra
   injury to most foes and up to half again as much damage against particularly
   susceptible opponents.
   It affects your intelligence (+4).
   It protects you from fire.
   It lets you fly.
   It may make you go berserk in combat.
Missiles
 p - 3 steel tomahawks (quivered)
 C - 5 curare-tipped needles
 E - 56 arrows
Armour
 h - a scarf of repulsion (worn)
 y - a cursed +0 robe (worn)
Jewellery
 i - a +3 ring of intelligence (left hand)
 j - an uncursed ring of ice {unknown}
 D - the ring of Gyfiurui (right hand) {rPois Str+6}
   (You found it on level 6 of the Dungeon)

   [ring of poison resistance]

   It affects your strength (+6).
   It protects you from poison.
Wands
 s - a wand of acid (5)
 t - a wand of polymorph (12)
 v - a wand of scattershot (5)
Scrolls
 d - 2 scrolls of amnesia
 g - 6 scrolls of remove curse
 k - 4 scrolls of teleportation
 q - a scroll of enchant weapon
 w - 3 scrolls of immolation
 x - a scroll of magic mapping {unknown}
 z - 6 scrolls of identify
 A - a scroll of fear {unknown}
 B - a scroll of noise {unknown}
 F - a scroll of fog
Potions
 e - 2 potions of lignification
 f - 2 potions of cancellation
 l - 8 potions of curing
 m - 2 potions of haste
 n - a potion of brilliance {unknown}
 o - 5 potions of heal wounds
 r - a potion of might
 G - a potion of resistance {unknown}
Comestibles
 c - 3 rations


   Skills:
 - Level 3.0(2.7) Fighting
 + Level 4.4(4.1) Short Blades
 - Level 3.0(2.7) Dodging
 - Level 3.0(2.7) Stealth
 - Level 10.1(9.8) Spellcasting
 - Level 1.1(0.8) Conjurations
 - Level 1.3(1.0) Air Magic
 - Level 6.3(5.9) Poison Magic


You had 20 spell levels left.
You knew the following spells:

 Your Spells              Type           Power        Failure   Level  Hunger
a - Sting                 Conj/Pois      ####         1%          1    None
b - Mephitic Cloud        Conj/Pois/Air  ####....     4%          3    None
c - Olgreb's Toxic Radia  Pois           #####...     3%          4    None

Your spell library contained the following spells:

 Spells                   Type           Power        Failure   Level  Hunger
 Venom Bolt               Conj/Pois      ####......   28%         5    ####...
 Poisonous Vapours        Pois/Air       ####..       1%          2    None


Dungeon Overview and Level Annotations

Branches:
Dungeon (9/15)             Temple (1/1) D:5
   Lair: D:8-11         Orc: D:9-12

Altars:
Ashenzari
Cheibriados
Dithmenos
Elyvilon
Gozag
Hepliaklqana
Kikubaaqudgha
Makhleb
Nemelex Xobeh
Qazlal
Ru
Sif Muna
Trog
Uskayaw
Vehumet
Wu Jian
Xom
Yredelemnul
Zin
The Shining One

Shops:
D:6 !

Annotations:
D:8 Gastronok


Innate Abilities, Weirdness & Mutations

You are very small and have problems with some larger weapons.
You are too small for most types of armour.
You have supernaturally acute eyesight. (SInv)
You are a herbivore.
You cover ground extremely quickly.
You need to consume almost no food.
You are partially covered in yellow scales. (AC +2)
Your mind is acute. (Int +2)
Your flesh is cold resistant. (rC+)
Your magical capacity is low. (-10% MP)


Message History

You begin to radiate toxic energy.
You kill the bat!
The bat's corpse disappears in a puff of smoke!
Gastronok looks as sick as possible!
Gastronok is engulfed in noxious fumes.
Casting: Olgreb's Toxic Radiance (safe; 3% risk of failure)
Confirm with . or Enter, or press ? or * to list all spells.
Okay, then.
Evoke which item? (* to show all) (? for menu, Esc to quit)
Aiming: Corrosive Bolt
Press: ? - help, Shift-Dir - straight line, f/p - Gastronok
Aim: Gastronok, wearing a glowing hat (heavily wounded, poisoned, covering ground quickly, covered in acid, inner flame)
The bolt of acid hits Gastronok.
Gastronok is splashed with acid.
The acid corrodes Gastronok!
Gastronok is severely wounded.
Gastronok looks as sick as possible!
Gastronok waves his eye-stalks in wide circles.
The air twists around and strikes you!
Ouch! That really hurt!
You die...
Your body crumbles into a pile of gold.

# #. .# # #. .# .#
#)# ###<##.# .8
###.8....## #
.##...........
#.#.#/..#.......
#...#.@........
#.......#....#####
#..##...#.#..#...#
#.8#.#..8...##.>.#
#......w#...#....#
######.....##...##
#.#.#.#....#
#.#.#§.[w$##
#.#.#...♣.#


You could see Gastronok (inner flame).

Vanquished Creatures
  Eustachio (D:5)
  A black bear (D:7)
  2 sky beasts
  3 centaurs
  A phantom (D:7)
  3 bullfrogs
  2 howler monkeys
  3 wights (D:7)
  2 crimson imps
  A centaur zombie (Ossuary)
  2 hounds
  An orc priest (D:8)
  A bullfrog zombie (D:3)
  6 orc wizards
  2 iguanas
  3 worker ants
  A hound zombie (D:6)
  2 mummies (Ossuary)
  3 gnolls (D:5)
  A worker ant zombie (D:6)
  A howler monkey skeleton (D:4)
  11 adders
  An ooze (D:2)
  6 worms
  2 dart slugs (D:2)
  5 leopard geckos
  29 orcs
  4 bats
  A giant cockroach (D:7)
  6 hobgoblins
  3 jackals (D:2)
  4 kobolds
  4 quokkas
  6 frilled lizards
  3 gnoll zombies (Ossuary)
  3 goblins
  2 goblin zombies (Ossuary)
  2 hobgoblin zombies (Ossuary)
  10 rats
144 creatures vanquished.

Notes
Turn   | Place    | Note
-------+----------+-------------------------------------------
     0 | D:1      | IcyTea the Spriggan Venom Mage began the quest for the Orb.
     0 | D:1      | Reached XP level 1. HP: 9/9 MP: 5/5
    44 | D:1      | Found a shattered altar of Ashenzari.
   352 | D:1      | Reached XP level 2. HP: 13/13 MP: 3/6
  1559 | D:2      | Reached XP level 3. HP: 16/16 MP: 6/8
  1634 | D:2      | Learned a level 3 spell: Mephitic Cloud
  1731 | D:2      | Found a bloodstained altar of Trog.
  1731 | D:2      | Found an ornate altar of the Wu Jian Council.
  1739 | D:2      | Reached skill level 1 in Conjurations
  1848 | D:2      | Reached skill level 1 in Air Magic
  1900 | D:2      | Reached XP level 4. HP: 21/21 MP: 0/9
  1906 | D:2      | Learned a level 4 spell: Olgreb's Toxic Radiance
  2551 | D:2      | Reached skill level 3 in Spellcasting
  2655 | D:2      | Reached skill level 5 in Poison Magic
  2655 | D:2      | Reached XP level 5. HP: 16/24 MP: 4/10
  3096 | D:3      | Found a white marble altar of Elyvilon.
  3934 | D:3      | Found a shadowy altar of Dithmenos.
  3934 | D:3      | Found an opulent altar of Gozag.
  4069 | D:3      | Became a worshipper of Gozag Ym Sagoz the Greedy
  4433 | D:4      | Reached XP level 6. HP: 16/28 MP: 6/11
  4588 | D:4      | Found a glowing silver altar of Zin.
  4591 | D:4      | Found Zin's Purification Station.
  4606 | D:4      | Bought a potion of curing for 90 gold pieces
  4819 | D:4      | Found an opulent altar of Gozag.
  5071 | D:4      | Reached skill level 4 in Spellcasting
  5216 | D:4      | Found a glowing golden altar of the Shining One.
  5674 | D:5      | Entered Level 5 of the Dungeon
  5680 | D:5      | Got an ichor-stained dagger
  5681 | D:5      | Identified the +6 dagger of Suestah {flame, *Rage +Fly rF+ Int+4} (You found it on level 5 of the Dungeon)
  5766 | D:5      | Noticed a sky beast
  5789 | D:5      | Killed a sky beast
  5789 | D:5      | Reached skill level 5 in Spellcasting
  5998 | D:5      | Reached XP level 7. HP: 16/32 MP: 16/16
  6184 | D:5      | Reached skill level 6 in Spellcasting
  6307 | D:5      | Noticed Eustachio
  6385 | D:5      | Killed Eustachio
  6385 | D:5      | Reached skill level 7 in Spellcasting
  7064 | D:5      | Found a staircase to the Ecumenical Temple.
  7072 | Temple   | Entered the Ecumenical Temple
  7346 | D:6      | Found Zases's Distillery.
  7351 | D:6      | Found a sacrificial altar of Ru.
  7352 | D:6      | Bought a potion of heal wounds for 60 gold pieces
  7352 | D:6      | Bought a potion of curing for 36 gold pieces
  7672 | D:6      | Reached skill level 8 in Spellcasting
  7985 | D:6      | Got a scorched steel ring
  8010 | D:6      | Identified the ring of Gyfiurui {rPois Str+6} (You found it on level 6 of the Dungeon)
  8357 | D:7      | Reached XP level 8. HP: 16/36 MP: 13/21
  8357 | D:7      | Reached skill level 9 in Spellcasting
  8783 | D:7      | Reached skill level 10 in Spellcasting
  9072 | D:7      | Reached skill level 1 in Short Blades
  9413 | D:7      | Reached skill level 1 in Fighting
 10120 | D:8      | Noticed Gastronok
 10365 | D:8      | Found a sand-covered staircase.
 10375 | Ossuary  | Entered an ossuary
 10459 | Ossuary  | Gained mutation: Your magical capacity is low. (-10% MP) [potion of mutation]
 10459 | Ossuary  | Gained mutation: You are weak. (Str -2) [potion of mutation]
 10459 | Ossuary  | Gained mutation: Your flesh is heat resistant. (rF+) [potion of mutation]
 10460 | Ossuary  | Lost mutation: Your magical capacity is low. (-10% MP) [potion of mutation]
 10460 | Ossuary  | Lost mutation: You are weak. (Str -2) [potion of mutation]
 10460 | Ossuary  | Lost mutation: Your flesh is heat resistant. (rF+) [potion of mutation]
 10460 | Ossuary  | Gained mutation: You are partially covered in yellow scales. (AC +2) [potion of mutation]
 10460 | Ossuary  | Gained mutation: Your mind is acute. (Int +2) [potion of mutation]
 10520 | Ossuary  | Lost mutation: Your mind is acute. (Int +2) [potion of mutation]
 10520 | Ossuary  | Gained mutation: Your magical capacity is low. (-10% MP) [potion of mutation]
 10520 | Ossuary  | Gained mutation: Your mind is acute. (Int +2) [potion of mutation]
 10520 | Ossuary  | Gained mutation: Your flesh is cold resistant. (rC+) [potion of mutation]
 10577 | Ossuary  | Reached XP level 9. HP: 43/44 MP: 21/21
 10651 | D:8      | Killed from afar by Gastronok

Skill      XL: |  1  2  3  4  5  6  7  8 |
---------------+-------------------------+-----
Poison Magic   | 4 5 6 |  6.3
Conjurations   | 1 |  1.1
Air Magic      | 1 |  1.3
Spellcasting   | 3 5 8 10 | 10.1
Short Blades   | 4 |  4.4
Fighting       | 3 |  3.0
Dodging        | |  3.0
Stealth        | |  3.0

Action                   |  1- 3 |  4- 6 |  7- 9 || total
-------------------------+-------+-------+-------++-------
Melee: Unarmed           |     3 |       |       ||     3
       Dagger            |    48 |    83 |   125 ||   256
       Short sword       |       |    95 |       ||    95
 Fire: Shortbow          |       |       |    49 ||    49
Throw: Tomahawk          |       |       |     1 ||     1
 Cast: Sting             |    69 |    84 |    49 ||   202
       Mephitic Cloud    |     1 |       |     3 ||     4
       Olgreb's Toxic Ra |       |    10 |    19 ||    29
Evoke: Wand              |       |       |     4 ||     4
  Use: Scroll            |       |     3 |     6 ||     9
       Potion            |       |     1 |     7 ||     8
 Stab: Sleeping          |     1 |     5 |     5 ||    11
       Distracted        |       |       |     3 ||     3
  Eat: Ration            |       |     2 |     3 ||     5
Armor: Robe              |     4 |     5 |     3 ||    12
       Skin              |       |       |    21 ||    21
Dodge: Dodged            |    43 |   131 |   111 ||   285
       Deflected         |       |       |    10 ||    10
